 Dungeon Crawl Stone Soup version 0.30-a0-322-g102857c98e (webtiles) character file.

Game seed: 6371789894307847689

240476 billz999 the Impaler (level 19, -2/152 HPs)
             Began as a Gnoll Hunter on Oct 27, 2022.
             Was the Champion of Kikubaaqudgha.
             Killed from afar by an ironbound frostheart (55 damage)
             ... by creeping frost
             ... on level 1 of the Vaults on Oct 28, 2022.
             The game lasted 02:40:56 (48843 turns).

billz999 the Impaler (Gnoll Hunter)                Turns: 48843, Time: 02:40:57

Health: -2/152     AC: 21    Str: 15    XL:     19   Next: 32%
Magic:  25/36      EV: 23    Int: 19    God:    Kikubaaqudgha [******]
Gold:   1783       SH:  5    Dex: 34    Spells: 21/44 levels left

rFire   + + .      SeeInvis +    a - +3 arbalest (vorpal)
rCold   x . .      Faith    .    (shield currently unavailable)
rNeg    + . .      Spirit   .    c - +0 fire dragon scales "Suholale" {+Inv rElec rF++ rC- Str+4 Stlth+}
rPois   +          Reflect  +    N - +0 hat
rElec   +          Harm     .    Z - +2 cloak "Loyxomu" {Dex+7}
rCorr   .          Rampage  .    r - +0 pair of gloves
Will    +....                    m - +2 pair of boots
Stlth   ++++++....               Y - amulet of reflection
HPRegen 0.45/turn                n - ring "Siatz" {rPois rC- rN+ Int+6 SInv}
MPRegen 0.25/turn                S - ring "Beedgh" {rC+ Int+4 Dex+4 SInv}

@: marked, studying Polearms
A: fangs 1, strong nose, distributed training
}: 2/15 runes: decaying, gossamer
a: Renounce Religion, Evoke Invisibility, Unearth Wretches, Torment, Brand
Weapon With Pain, Receive Forbidden Knowledge


You were on level 1 of the Vaults.
You worshipped Kikubaaqudgha.
Kikubaaqudgha was exalted by your worship.
You visited 7 branches of the dungeon, and saw 32 of its levels.
You visited the Abyss 1 time.
You also visited: Sewer.

You collected 3673 gold pieces.
You spent 1890 gold pieces at shops.

Inventory:

Hand Weapons
 a - a +3 vorpal arbalest (weapon)
 b - the +7 trident of Guilt {vorpal, Stlth+}
   (You took it off a spriggan rider on level 13 of the Dungeon)

   It inflicts extra damage upon your enemies.
   Stlth:     It makes you more stealthy.
 I - the +8 trident of Moderation {flame, rF+ Will+}
   (You found it on level 15 of the Dungeon)

   It burns those it strikes, dealing additional fire damage.
   rF:        It protects you from fire.
   Will:      It increases your willpower.
Armour
 c - the +0 fire dragon scales "Suholale" (worn) {+Inv rElec rF++ rC- Str+4 Stlth+}
   (You found it on level 4 of the Spider Nest)

   Str:       It affects your strength (+4).
   rF:        It greatly protects you from fire.
   rC:        It makes you vulnerable to cold.
   rElec:     It insulates you from electricity.
   +Inv:      It lets you turn invisible.
   Stlth:     It makes you more stealthy.
 m - a +2 pair of boots (worn)
 r - a +0 pair of gloves (worn)
 x - the +5 cloak of Instinct {Fly rPois}
   (You found it on level 4 of the Lair of Beasts)

   rPois:     It protects you from poison.
   Fly:       It grants you flight.
 N - a +0 hat (worn)
 R - the +0 robe of Supple Strength {Str+6 Int-3 Dex+3}
   (You found it on level 5 of the Lair of Beasts)

   Str:       It affects your strength (+6).
   Int:       It affects your intelligence (-3).
   Dex:       It affects your dexterity (+3).
 Z - the +2 cloak "Loyxomu" (worn) {Dex+7}
   (You found it on level 1 of the Swamp)

   Dex:       It affects your dexterity (+7).
Magical Staves
 O - a staff of poison
Jewellery
 i - a ring of resist corrosion
 n - the ring "Siatz" (left hand) {rPois rC- rN+ Int+6 SInv}
   (You bought it in a shop on level 2 of the Orcish Mines)

   [ring of intelligence]

   Int:       It affects your intelligence (+6).
   rC:        It makes you vulnerable to cold.
   rPois:     It protects you from poison.
   rN:        It protects you from negative energy.
   SInv:      It lets you see invisible.
 F - the ring "Cinouzxe" {rN+ rCorr Dex+4}
   (You found it on level 1 of the Swamp)

   [ring of positive energy]

   Dex:       It affects your dexterity (+4).
   rN:        It protects you from negative energy.
   rCorr:     It protects you from acid and corrosion.
 P - a ring of see invisible
 S - the ring "Beedgh" (right hand) {rC+ Int+4 Dex+4 SInv}
   (You bought it in a shop on level 2 of the Orcish Mines)

   [ring of protection from cold]

   Int:       It affects your intelligence (+4).
   Dex:       It affects your dexterity (+4).
   rC:        It protects you from cold.
   SInv:      It lets you see invisible.
 T - the ring of Uvimiz {Fly rN+ MP-9 Dex+7 Stlth+}
   (You bought it in a shop on level 2 of the Orcish Mines)

   [ring of positive energy]

   Dex:       It affects your dexterity (+7).
   rN:        It protects you from negative energy.
   MP:        It affects your magic capacity (-9).
   Fly:       It grants you flight.
   Stlth:     It makes you more stealthy.
 W - a +6 ring of strength
 Y - an amulet of reflection (around neck)
Wands
 g - a wand of roots (14)
 Q - a wand of digging (15)
Scrolls
 e - 5 scrolls of magic mapping
 f - 12 scrolls of teleportation
 j - 4 scrolls of vulnerability
 k - 14 scrolls of identify
 u - 8 scrolls of immolation
 A - 2 scrolls of summoning
 B - 5 scrolls of blinking
 D - a scroll of butterflies
 G - 2 scrolls of fear
 J - 3 scrolls of amnesia
 L - 5 scrolls of poison
 X - 9 scrolls of enchant armour
Potions
 h - 3 potions of haste
 p - 3 potions of ambrosia
 q - 11 potions of curing
 s - 5 potions of attraction
 t - 2 potions of invisibility
 v - 10 potions of might
 z - 11 potions of brilliance
 C - 2 potions of resistance {unknown}
 E - 2 potions of berserk rage
 H - 3 potions of flight
 K - 3 potions of magic
 M - a potion of cancellation {unknown}
 U - 6 potions of lignification
 V - 7 potions of mutation {unknown}
Miscellaneous
 y - a box of beasts (inert)


   Skills:
 + Level 14.1 Fighting
 + Level 13.4 Short Blades
 + Level 13.4 Long Blades
 + Level 13.4 Axes
 + Level 13.4 Maces & Flails
 + Level 18.3 Polearms
 + Level 13.4 Staves
 + Level 15.6 Ranged Weapons
 + Level 13.4 Throwing
 + Level 13.4 Armour
 + Level 14.1 Dodging
 + Level 13.6 Stealth
 + Level 13.4 Shields
 + Level 13.4 Unarmed Combat
 + Level 13.4 Spellcasting
 + Level 11.4 Conjurations
 + Level 11.4 Hexes
 + Level 11.4 Summonings
 + Level 11.4 Necromancy
 + Level 11.4 Translocations
 + Level 11.4 Transmutations
 + Level 11.4 Fire Magic
 + Level 11.4 Ice Magic
 + Level 11.4 Air Magic
 + Level 11.4 Earth Magic
 + Level 11.4 Poison Magic
 + Level 14.6 Invocations
 + Level 13.4 Evocations


You had 21 spell levels left.
You knew the following spells:

 Your Spells              Type           Power      Damage    Failure   Level
a - Summon Lightning Spi  Summ/Air       54%        N/A       1%          4
b - Olgreb's Toxic Radia  Pois           54%        N/A       1%          4
c - Borgnjor's Vile Clut  Necr/Erth      27%        N/A       4%          5
d - Dispel Undead         Necr           54%        3d20      1%          4
e - Death Channel         Necr           27%        N/A       24%         6

Your spell library contained the following spells:

 Spells                   Type           Power      Damage    Failure   Level
 Foxfire                  Conj/Fire      100%       2x1d9     1%          1
 Necrotise                Necr           100%       1d9       1%          1
 Slow                     Hex            100%       N/A       1%          1
 Sting                    Tmut/Pois      100%       1d8       1%          1
 Poisonous Vapours        Pois/Air       100%       N/A       1%          2
 Sublimation of Blood     Necr           54%        N/A       1%          2
 Confusing Touch          Hex            54%        N/A       1%          3
 Dazzling Flash           Conj/Hex       100%       N/A       1%          3
 Ignite Poison            Fire/Tmut/Pois 54%        N/A       1%          3
 Vampiric Draining        Necr           54%        2d9       1%          3
 Airstrike                Air            27%        2d(4-20)  1%          4
 Animate Dead             Necr           54%        N/A       1%          4
 Iskenderun's Mystic Bla  Conj/Tloc      54%        2d12      1%          4
 Sticky Flame             Conj/Fire      54%        2d7       1%          4
 Agony                    Necr           54%        N/A       4%          5
 Fireball                 Conj/Fire      27%        3d12      4%          5
 Lightning Bolt           Conj/Air       27%        1d43      4%          5
 Summon Forest            Summ/Tloc      27%        N/A       4%          5
 Conjure Ball Lightning   Conj/Air       27%        3x3d8     24%         6
 Eringya's Noxious Bog    Tmut/Pois      27%        N/A       24%         6
 Simulacrum               Ice/Necr       27%        N/A       24%         6
 Starburst                Conj/Fire      27%        6d9       24%         6
 Ozocubu's Refrigeration  Ice            27%        4d13      80%         7
 Storm Form               Tmut/Air       27%        N/A       80%         7
 Summon Hydra             Summ           27%        N/A       80%         7
 Discord                  Hex            27%        N/A       100%        8
 Disjunction              Tloc           27%        N/A       100%        8
 Ignition                 Fire           27%        3d9       100%        8
 Maxwell's Capacitive Co  Air            27%        ∞         100%        8
 Necromutation            Tmut/Necr      27%        N/A       100%        8


Dungeon Overview and Level Annotations

Branches:
Dungeon (15/15)            Temple (1/1) D:5            Lair (5/5) D:10
  Swamp (4/4) Lair:2       Spider (4/4) Lair:2        Slime (0/5) Lair:4
    Orc (2/2) D:12            Elf (0/3) Orc:2        Vaults (1/5) D:13
 Depths (0/4) D:15          Sewer (visited)

Altars:
Ashenzari
Cheibriados
Dithmenos
Elyvilon
Fedhas
Gozag
Hepliaklqana
Kikubaaqudgha
Makhleb
Nemelex Xobeh
Okawaru
Qazlal
Ru
Sif Muna
Trog
Uskayaw
Vehumet
Wu Jian
Xom
Yredelemnul
Zin
The Shining One
Jiyva
Lugonu

Shops:
D:1 ?(   Orc:1 (   Orc:2 **==   Vaults:1 :

Portals:
Abyss: D:8

Annotations:
D:7 2 transporters, kd29's ghost, novice GrEE


Innate Abilities, Weirdness & Mutations

You have very sharp teeth.
Your uncanny sense of smell can sniff out nearby items.
Your experience applies equally to all skills.


Message History

The centaur warrior looks even sicker.
The centaur warrior looks as sick as possible!
You kill the centaur warrior!
Kikubaaqudgha accepts your kill.
A glowing mist starts to gather...
Your spectral vault sentinel hits the yaktaur captain.
The yaktaur captain unwields a +0 arbalest.
The yaktaur captain hits your spectral vault sentinel!!
The centaur warrior shoots an arrow.
The arrow hits you!
* * * LOW HITPOINT WARNING * * *
Something hits your spectral yaktaur.
You feel much better.
Your toxic aura wanes.
You kill the yaktaur captain!
Kikubaaqudgha accepts your kill.
A glowing mist starts to gather...
The centaur warrior shoots an arrow.
The arrow hits you.
A yaktaur comes into view.
Blink to where?
Press: ? - help, Dir - move target, p - centaur warrior
As you read the scroll of blinking, it crumbles to dust.
You see here 5 stones.
Your unholy channel expires.
An ironbound frostheart comes into view.
Casting: Olgreb's Toxic Radiance (mildly dangerous; 1% risk of failure)
Confirm with . or Enter, or press ? or * to list all spells.
An electric hum fills the air.
The ironbound frostheart touches your lightning spire!!
The ironbound frostheart freezes your lightning spire.
Your lightning spire resists.
Two slime creatures merge to form a large slime creature.
Your lightning spire shoots out a bolt of lightning at the ironbound frostheart!
The bolt of electricity hits the ironbound frostheart!!
The ironbound frostheart touches your lightning spire!
The ironbound frostheart freezes your lightning spire.
Your lightning spire resists.
The ironbound frostheart calls freezing cold from the walls.
The frost grips you!!!
You feel a painful chill!
You die...
Kikubaaqudgha rasps: "You have failed me!
Welcome... death!"

.# ### ### #.#......# .#
#.#......# . .# #p#......# .
####### ###8#......# . ......#
#...####''######## #####.#
#........)........ ....#.#
#......(.......... ....#.#
#..........[...... ....#.#
#@................ ....#.#
#.########J....... ....#.# #.#
+........ ....#.######+###.#.
..#.......Z ....#............+..
...#........ #...)........#
.....#........ #............#
.....#.....§.. #####†...........#
... #........
.................########........


You could see an ironbound frostheart (ally target) and a friendly lightning
spire (summoned).

Vanquished Creatures
  Jorgrun (Swamp:2)
  2 tentacled monstrosities
  The ghost of purpskrrrp the Executioner, an adept MiFi of Ru (Spider:4)
  Gastronok (D:8)
  A tentacled starspawn (Abyss:2)
  Kirke (D:14)
  A fenstrider witch (Swamp:2)
  5 emperor scorpions
  A vault warden (Vaults:1)
  2 ghost moths
  An ironbound preserver (Vaults:1)
  2 very ugly things (Swamp:4)
  3 broodmothers
  2 ironbound thunderhulks (Vaults:1)
  Nessos (D:13)
  3 eleionomae
  3 dire elephants (Vaults:1)
  6 bunyips
  2 spark wasps (Spider:4)
  The ghost of baller8008 the Protected, a journeyman AtFi of Okawaru (D:13)
  2 green deaths (Swamp:4)
  A fire dragon (Lair:5)
  4 entropy weavers (Spider:4)
  11 hydras
  Fannar (D:11)
  A yaktaur captain (Vaults:1)
  An ogre mage (D:13)
  A ghost crab (Swamp:2)
  A jorogumo (Spider:4)
  A catoblepas (Lair:4)
  8 centaur warriors
  Erica (D:8)
  6 two-headed ogres
  4 radroaches
  6 alligators
  2 boulder beetles
  4 death yaks (Lair:4)
  3 tengu warriors (D:14)
  2 orc high priests (Orc:2)
  Sonja (Lair:3)
  2 deep elf knights
  A wretched star (Abyss:3)
  4 pharaoh ants
  3 sun moths
  2 death drakes (Swamp:4)
  A spatial maelstrom (Abyss:3)
  A deep troll (shapeshifter) (D:15)
  A spriggan druid (Swamp:3)
  5 goliath frogs
  3 deep trolls (Vaults:1)
  15 orb spiders
  9 swamp dragons
  11 steelbarb worms
  4 wizards
  A lindwurm (Vaults:1)
  7 orc knights
  An ironbound convoker (Vaults:1)
  7 bog bodies
  A deep elf zephyrmancer (D:13)
  An oklob plant (Lair:5)
  26 wolf spiders
  6 orc sorcerers
  6 cyclopes
  3 ugly things
  3 deep elf pyromancers
  3 will-o-the-wisps
  4 manticores
  A salamander (D:15)
  An elephant (Lair:5)
  A moth of wrath (Spider:4)
  A guardian serpent (shapeshifter) (D:13)
  8 black mambas
  A guardian serpent (Lair:5)
  2 large abominations
  3 gargoyles
  3 vault sentinels (Vaults:1)
  3 orange demons (Swamp:4)
  8 cane toads
  An unseen horror (D:10)
  6 torpor snails
  4 kobold demonologists
  Psyche (D:10)
  8 demonic crawlers
  4 rime drakes
  An efreet (D:14)
  3 yaktaurs
  6 komodo dragons
  4 meliai
  A tengu conjurer (D:14)
  An ancient zyme (Abyss:2)
  5 trolls
  12 tarantellas
  Prince Ribbit (D:7)
  4 bloated husks
  3 tyrant leeches
  A hornet (shapeshifter) (D:15)
  8 hornets
  2 polar bears (Lair:1)
  11 slime creatures
  3 dream sheep (Lair:3)
  6 blink frogs
  A centaur simulacrum (D:14)
  16 culicivoras
  6 spriggans
  22 jumping spiders
  3 vampires
  A spriggan (shapeshifter) (D:14)
  5 shadows
  A wraith (D:12)
  10 wyverns
  A hog (D:14)
  5 basilisks
  24 yaks
  2 small abominations
  48 redbacks
  3 steam dragons (Lair:5)
  2 spatial vortices (Abyss:3)
  2 wargs (Orc:2)
  A vampire mosquito (Swamp:2)
  22 swamp worms
  24 water moccasins
  3 acid dragons
  2 ice beasts
  26 orc warriors
  5 swamp drakes
  A sky beast (D:8)
  5 black bears
  8 ogres
  10 centaurs
  10 wolves
  7 phantoms
  3 necrophages
  9 kobold brigands
  13 bullfrogs
  6 scorpions
  15 wights
  5 killer bees
  2 troll zombies (D:12)
  2 vampire bats (D:6)
  2 electric eels
  8 howler monkeys
  4 hounds
  5 jellies
  20 orc priests
  A gnoll bouda (D:8)
  14 hell rats
  4 iguanas
  Natasha (thrice) (D:3)
  20 orc wizards
  4 ogre zombies (D:12)
  A gnoll (D:4)
  12 adders
  2 white imps
  2 ufetubi
  3 worms
  3 dart slugs
  74 orcs
  14 ball pythons
  9 endoplasms
  4 giant cockroaches
  11 goblins
  10 hobgoblins
  7 quokkas
  14 bats
  9 frilled lizards
  A goblin zombie (D:12)
  A hobgoblin skeleton (D:12)
  A hobgoblin zombie (D:12)
  33 kobolds
  2 orc skeletons (D:12)
  11 orc zombies (D:12)
  5 rats
  2 briar patches (Swamp:1)
  A lurking horror (D:8)
  A starspawn tentacle (Abyss:2)
1009 creatures vanquished.

Vanquished Creatures (collateral kills)
  A thorn hunter (Swamp:2)
  3 emperor scorpions
  An eleionoma (Swamp:1)
  Snorg (Orc:2)
  2 hydras
  A spriggan air mage (Swamp:3)
  A boulder beetle (Lair:4)
  A death yak (Lair:4)
  A tengu warrior (D:13)
  An orc high priest (Orc:2)
  A pharaoh ant (Spider:1)
  3 orb spiders
  A sun moth (Spider:4)
  3 bog bodies
  3 steelbarb worms
  2 deep trolls (Vaults:1)
  6 lindwurms (Vaults:1)
  2 orc knights (Orc:2)
  9 wolf spiders
  A cyclops (D:11)
  3 ugly things
  4 black mambas (Lair:5)
  A guardian serpent (shapeshifter) (D:13)
  2 elephants (Lair:5)
  A torpor snail (Spider:2)
  2 cane toads
  A rime drake (Lair:5)
  4 komodo dragons
  4 yaktaurs
  A freezing wraith (D:15)
  A polar bear (Lair:1)
  A tengu conjurer (D:13)
  A hornet (Lair:5)
  A blink frog (Lair:3)
  A meliai (Spider:4)
  2 tarantellas
  2 tyrant leeches
  4 slime creatures
  3 dream sheep (Lair:3)
  5 jumping spiders
  A spriggan (Swamp:2)
  4 culicivoras
  A shadow (D:12)
  12 yaks
  2 wyverns (Lair:5)
  2 basilisks
  14 redbacks
  3 vampire mosquitoes (D:13)
  An acid dragon (D:10)
  2 swamp worms (Swamp:1)
  8 water moccasins
  2 large abominations (Swamp:4)
  3 swamp drakes
  3 orc warriors
  2 ogres (Orc:1)
  A centaur (D:13)
  4 wolves
  A phantom (D:12)
  2 kobold brigands (D:13)
  3 bullfrogs
  3 killer bees (D:10)
  2 orc priests (Orc:2)
  An iguana (Lair:5)
  An orc wizard (Orc:1)
  2 hell rats
  11 orcs
  10 kobolds
  A hobgoblin skeleton (D:12)
  A hobgoblin zombie (D:12)
  An orc zombie (D:12)
  A briar patch (Swamp:1)
193 creatures vanquished.

Vanquished Creatures (others)
  A yaktaur (Vaults:1)
  A bloated husk (Swamp:4)
  A human (D:14)
  2 vampire mosquitoes (Swamp:2)
  A briar patch (Swamp:1)
  2 foxfires (Swamp:2)
  113 fungi
  177 plants
  A starspawn tentacle (Abyss:2)
299 creatures vanquished.

Grand Total: 1501 creatures vanquished

Notes
Turn   | Place    | Note
-------+----------+-------------------------------------------
     0 | D:1      | billz999 the Gnoll Hunter began the quest for the Orb.
     0 | D:1      | Reached XP level 1. HP: 20/20 MP: 1/1
    44 | D:1      | Found Teven's Antique Weapon Shoppe.
    79 | D:1      | Reached XP level 2. HP: 26/26 MP: 2/2
   241 | D:1      | Reached XP level 3. HP: 24/31 MP: 3/3
   431 | D:1      | Found Ecokewk's Magic Scroll Boutique.
   576 | D:1      | Reached skill level 1 in Invocations
   965 | D:2      | Reached skill level 1 in Short Blades
   965 | D:2      | Reached skill level 1 in Long Blades
   965 | D:2      | Reached skill level 1 in Axes
   965 | D:2      | Reached skill level 1 in Maces & Flails
   965 | D:2      | Reached skill level 1 in Polearms
   965 | D:2      | Reached skill level 1 in Staves
   965 | D:2      | Reached skill level 1 in Throwing
   965 | D:2      | Reached skill level 1 in Armour
   965 | D:2      | Reached skill level 1 in Shields
   965 | D:2      | Reached skill level 1 in Unarmed Combat
   965 | D:2      | Reached skill level 1 in Spellcasting
   965 | D:2      | Reached skill level 1 in Evocations
  1085 | D:2      | Reached XP level 4. HP: 35/38 MP: 5/5
  1148 | D:2      | Reached skill level 1 in Conjurations
  1148 | D:2      | Reached skill level 1 in Hexes
  1148 | D:2      | Reached skill level 1 in Summonings
  1148 | D:2      | Reached skill level 1 in Necromancy
  1148 | D:2      | Reached skill level 1 in Translocations
  1148 | D:2      | Reached skill level 1 in Transmutations
  1148 | D:2      | Reached skill level 1 in Fire Magic
  1148 | D:2      | Reached skill level 1 in Ice Magic
  1148 | D:2      | Reached skill level 1 in Air Magic
  1148 | D:2      | Reached skill level 1 in Earth Magic
  1148 | D:2      | Reached skill level 1 in Poison Magic
  1622 | D:3      | Reached XP level 5. HP: 37/43 MP: 7/7
  1880 | D:3      | Found a faded altar of an unknown god.
  1893 | D:3      | Noticed Natasha
  1911 | D:3      | Killed Natasha
  2147 | D:3      | Noticed Natasha
  2150 | D:3      | Killed Natasha
  2469 | D:3      | Found a faded altar of an unknown god.
  2668 | D:3      | Noticed Natasha
  2715 | D:3      | HP: 3/64 [Natasha/magic dart (9)]
  2720 | D:3      | HP: 3/64 [Natasha (1)]
  2721 | D:3      | Killed Natasha
  2919 | D:4      | Noticed a phantom
  2926 | D:4      | Killed a phantom
  2927 | D:4      | Reached skill level 5 in Fighting
  2927 | D:4      | Reached skill level 2 in Polearms
  2927 | D:4      | Reached skill level 5 in Dodging
  2927 | D:4      | Reached XP level 6. HP: 49/51 MP: 7/9
  2953 | D:4      | Found a stormy altar of Qazlal.
  3216 | D:4      | Noticed a black bear
  3226 | D:4      | Killed a black bear
  3295 | D:4      | Reached XP level 7. HP: 44/56 MP: 10/10
  3450 | D:5      | Entered Level 5 of the Dungeon
  4108 | D:5      | Found a staircase to the Ecumenical Temple.
  4134 | Temple   | Entered the Ecumenical Temple
  4304 | Temple   | Became a worshipper of Kikubaaqudgha
  4751 | D:5      | Reached skill level 3 in Polearms
  4751 | D:5      | Reached XP level 8. HP: 63/63 MP: 12/12
  4916 | D:6      | Found a sacrificial altar of Ru.
  4983 | D:6      | Noticed a troll
  4998 | D:6      | Killed a troll
  4999 | D:6      | Reached skill level 4 in Polearms
  5006 | D:6      | Found a glowing drain.
  5033 | Sewer    | Entered a sewer
  5104 | Sewer    | Reached * piety under Kikubaaqudgha
  5104 | Sewer    | Received a gift from Kikubaaqudgha
  5815 | D:6      | Reached XP level 9. HP: 50/69 MP: 14/14
  5972 | D:6      | Reached skill level 5 in Polearms
  6189 | D:6      | Reached skill level 5 in Stealth
  6193 | D:6      | Reached ** piety under Kikubaaqudgha
  6430 | D:6      | Reached skill level 5 in Invocations
  6868 | D:6      | Found an ornate altar of the Wu Jian Council.
  6903 | D:7      | Reached skill level 6 in Polearms
  7238 | D:7      | Found a glowing silver altar of Zin.
  7448 | D:7      | Found a shimmering blue altar of Sif Muna.
  7456 | D:7      | Reached skill level 5 in Short Blades
  7456 | D:7      | Reached skill level 5 in Long Blades
  7456 | D:7      | Reached skill level 5 in Axes
  7456 | D:7      | Reached skill level 5 in Maces & Flails
  7456 | D:7      | Reached skill level 5 in Staves
  7456 | D:7      | Reached skill level 5 in Throwing
  7456 | D:7      | Reached skill level 5 in Armour
  7456 | D:7      | Reached skill level 5 in Shields
  7456 | D:7      | Reached skill level 5 in Unarmed Combat
  7456 | D:7      | Reached skill level 5 in Spellcasting
  7456 | D:7      | Reached skill level 5 in Evocations
  7456 | D:7      | Reached XP level 10. HP: 77/77 MP: 17/17
  7535 | D:7      | Reached skill level 10 in Ranged Weapons
  7773 | D:7      | Noticed a two-headed ogre
  7780 | D:7      | Found a transporter.
  7782 | D:7      | Found a transporter.
  7785 | D:7      | Noticed a moth of wrath
  7788 | D:7      | Found a bloodstained altar of Trog.
  7798 | D:7      | Noticed kd29's ghost (novice GrEE)
  7803 | D:7      | Noticed Prince Ribbit
  7810 | D:7      | Killed Prince Ribbit
  8053 | D:8      | Noticed Gastronok
  8079 | D:8      | Killed Gastronok
  8080 | D:8      | Reached skill level 7 in Polearms
  8146 | D:8      | Learned a level 4 spell: Summon Lightning Spire
  8222 | D:8      | Noticed Erica
  8395 | D:8      | Killed Erica
  8595 | D:8      | Found a corrupted altar of Lugonu.
  8601 | D:8      | Learned a level 4 spell: Olgreb's Toxic Radiance
  8834 | D:8      | Found a one-way gate to the infinite horrors of the Abyss.
  8909 | D:8      | Reached *** piety under Kikubaaqudgha
  8909 | D:8      | Received a gift from Kikubaaqudgha
  9242 | D:8      | Reached skill level 8 in Polearms
  9730 | D:9      | Reached skill level 5 in Conjurations
  9730 | D:9      | Reached skill level 5 in Hexes
  9730 | D:9      | Reached skill level 5 in Summonings
  9730 | D:9      | Reached skill level 5 in Necromancy
  9730 | D:9      | Reached skill level 5 in Translocations
  9730 | D:9      | Reached skill level 5 in Transmutations
  9730 | D:9      | Reached skill level 5 in Fire Magic
  9730 | D:9      | Reached skill level 5 in Ice Magic
  9730 | D:9      | Reached skill level 5 in Air Magic
  9730 | D:9      | Reached skill level 5 in Earth Magic
  9730 | D:9      | Reached skill level 5 in Poison Magic
  9730 | D:9      | Reached XP level 11. HP: 76/84 MP: 20/20
 10769 | D:10     | Entered Level 10 of the Dungeon
 10895 | D:10     | Found a staircase to the Lair.
 10915 | D:10     | Reached **** piety under Kikubaaqudgha
 11060 | D:10     | Learned a level 5 spell: Borgnjor's Vile Clutch
 11388 | D:10     | Reached skill level 9 in Polearms
 11424 | D:10     | Noticed a two-headed ogre
 11438 | D:10     | Killed a two-headed ogre
 11472 | D:11     | Noticed Fannar
 11488 | D:11     | Killed Fannar
 12259 | D:11     | Got the Discourse on Amorphous Embers
 12315 | D:11     | Noticed a cyclops
 12325 | D:11     | Noticed a two-headed ogre
 12325 | D:11     | Noticed a boulder beetle
 12330 | D:11     | Killed a cyclops
 12334 | D:11     | Killed a two-headed ogre
 12334 | D:11     | Noticed a two-headed ogre
 12341 | D:11     | Killed a two-headed ogre
 12342 | D:11     | Reached XP level 12. HP: 68/94 MP: 8/22
 12756 | D:11     | Identified the +4 scale mail "Vutuemul" {rC+ rN+ Dex+3}
 12789 | D:11     | Killed a boulder beetle
 12790 | D:11     | Reached skill level 10 in Polearms
 13347 | Lair:1   | Entered Level 1 of the Lair of Beasts
 13622 | Lair:1   | Reached ***** piety under Kikubaaqudgha
 14631 | Lair:2   | Reached skill level 11 in Polearms
 14731 | Lair:2   | Reached XP level 13. HP: 92/101 MP: 17/25
 14912 | Lair:2   | Learned a level 4 spell: Dispel Undead
 15010 | Lair:2   | Found a hole to the Spider Nest.
 15179 | Lair:2   | Found a staircase to the Swamp.
 15402 | Lair:2   | You fall into a shaft and drop 2 floors!
 15402 | Lair:4   | Found a gate leading to a gauntlet.
 15409 | Lair:3   | Noticed Sonja
 15913 | Lair:3   | Identified the ring "Moir" {Fly Int+3}
 17281 | Lair:3   | Killed Sonja
 17661 | Lair:4   | Reached ****** piety under Kikubaaqudgha
 17690 | Lair:3   | Reached skill level 12 in Polearms
 17979 | Lair:4   | Found a staircase to the Slime Pits.
 17979 | Lair:4   | Found a viscous altar of Jiyva.
 18043 | Lair:4   | Reached skill level 10 in Fighting
 18043 | Lair:4   | Reached skill level 10 in Dodging
 18624 | Lair:4   | Identified the +5 cloak of Instinct {Fly rPois}
 19061 | Lair:4   | Reached XP level 14. HP: 110/110 MP: 23/27
 19168 | Lair:4   | Reached skill level 10 in Invocations
 19491 | Lair:5   | Entered Level 5 of the Lair of Beasts
 20847 | Lair:5   | Found a shimmering blue altar of Sif Muna.
 21284 | Lair:5   | Reached skill level 13 in Polearms
 21520 | Lair:5   | Reached skill level 10 in Stealth
 22125 | Lair:5   | Identified the +0 robe of Supple Strength {Str+6 Int-3
                  | Dex+3}
 22378 | Lair:5   | Found the +1 robe of Vines {NoPotionHeal Regen++++}
 23466 | D:10     | Noticed Psyche
 23483 | D:10     | Killed Psyche
 24184 | D:12     | Reached skill level 10 in Short Blades
 24184 | D:12     | Reached skill level 10 in Long Blades
 24184 | D:12     | Reached skill level 10 in Axes
 24184 | D:12     | Reached skill level 10 in Maces & Flails
 24184 | D:12     | Reached skill level 10 in Staves
 24184 | D:12     | Reached skill level 10 in Throwing
 24184 | D:12     | Reached skill level 10 in Armour
 24184 | D:12     | Reached skill level 10 in Shields
 24184 | D:12     | Reached skill level 10 in Unarmed Combat
 24184 | D:12     | Reached skill level 10 in Spellcasting
 24184 | D:12     | Reached skill level 10 in Evocations
 24702 | D:12     | Found a staircase to the Orcish Mines.
 25470 | Orc:1    | Entered Level 1 of the Orcish Mines
 25483 | Orc:1    | Reached XP level 15. HP: 103/118 MP: 14/29
 25555 | Orc:1    | Found Hiaretti's Weapon Shop.
 26513 | Orc:2    | Entered Level 2 of the Orcish Mines
 26665 | Orc:2    | Found a dark tunnel.
 26955 | Orc:2    | Noticed Snorg
 26963 | Orc:2    | Killed Snorg
 27112 | Orc:2    | Reached skill level 14 in Polearms
 27651 | Orc:2    | Found Besoscho's Jewellery Shop.
 27651 | Orc:2    | Found Ewux's Assorted Antiques.
 27653 | Orc:2    | Found Voocyss's Jewellery Shoppe.
 27653 | Orc:2    | Found Manejet's Assorted Antiques.
 27660 | Orc:2    | Bought the ring "Siatz" {rPois rC- rN+ Int+6 SInv} for 680
                  | gold pieces
 27665 | Orc:2    | Bought the ring "Beedgh" {rC+ Int+4 Dex+4 SInv} for 795
                  | gold pieces
 27665 | Orc:2    | Bought the ring of Uvimiz {Fly rN+ MP-9 Dex+7 Stlth+} for
                  | 415 gold pieces
 28439 | Orc:2    | Found a staircase to the Elven Halls.
 29378 | D:13     | Found a sparkling altar of Nemelex Xobeh.
 29411 | D:13     | Noticed Nessos
 29425 | D:13     | Killed Nessos
 29976 | D:13     | Found a runed translucent door.
 29977 | D:13     | Noticed baller8008's ghost (journeyman AtFi)
 29979 | D:13     | Identified the +7 trident of Guilt {vorpal, Stlth+}
 30231 | D:13     | Found a gate to the Vaults.
 30360 | D:13     | Killed baller8008's ghost
 31226 | D:14     | Noticed Kirke
 31237 | D:14     | Killed Kirke
 31558 | D:14     | Reached XP level 16. HP: 127/127 MP: 15/30
 31756 | D:15     | Entered Level 15 of the Dungeon
 31942 | D:15     | Identified the +8 trident of Moderation {flame, rF+ Will+}
 32042 | D:15     | Reached skill level 15 in Polearms
 32351 | D:15     | Found an iron altar of Okawaru.
 32538 | D:15     | Found a staircase to the Depths.
 32924 | Spider:1 | Entered Level 1 of the Spider Nest
 32983 | Swamp:1  | Entered Level 1 of the Swamp
 33934 | Swamp:1  | Found a transporter.
 34000 | Swamp:1  | Found a transporter.
 34393 | Swamp:1  | Identified the +2 leather armour of Makhleb's Reproof
                  | {+Blink Regen+ rCorr Dex-5}
 34398 | Swamp:1  | Identified the ring "Cinouzxe" {rN+ rCorr Dex+4}
 34402 | Swamp:1  | Identified the +2 cloak "Loyxomu" {Dex+7}
 34536 | Swamp:2  | Noticed Jorgrun
 34700 | Swamp:2  | Killed Jorgrun
 34817 | Swamp:2  | Noticed a thorn hunter
 34825 | Swamp:2  | Killed a thorn hunter
 35005 | Swamp:2  | Noticed a fenstrider witch
 35093 | Swamp:2  | Killed a fenstrider witch
 37442 | Spider:1 | Reached XP level 17. HP: 135/135 MP: 28/32
 37935 | Spider:1 | Reached skill level 16 in Polearms
 38021 | Spider:1 | Reached skill level 10 in Conjurations
 38021 | Spider:1 | Reached skill level 10 in Hexes
 38021 | Spider:1 | Reached skill level 10 in Summonings
 38021 | Spider:1 | Reached skill level 10 in Necromancy
 38021 | Spider:1 | Reached skill level 10 in Translocations
 38021 | Spider:1 | Reached skill level 10 in Transmutations
 38021 | Spider:1 | Reached skill level 10 in Fire Magic
 38021 | Spider:1 | Reached skill level 10 in Ice Magic
 38021 | Spider:1 | Reached skill level 10 in Air Magic
 38021 | Spider:1 | Reached skill level 10 in Earth Magic
 38021 | Spider:1 | Reached skill level 10 in Poison Magic
 38487 | Spider:1 | Learned a level 6 spell: Death Channel
 41001 | Spider:3 | Identified the +8 spear "Keahum" {flame, rCorr Str+9 Dex-4}
 42341 | Spider:4 | Entered Level 4 of the Spider Nest
 42379 | Spider:4 | Found a runed translucent door.
 42509 | Spider:4 | Noticed purpskrrrp's ghost (adept MiFi)
 42980 | Spider:4 | Killed purpskrrrp's ghost
 43123 | Spider:4 | Identified the +0 fire dragon scales "Suholale" {+Inv rElec
                  | rF++ rC- Str+4 Stlth+}
 43447 | Spider:4 | Reached skill level 17 in Polearms
 43447 | Spider:4 | Reached XP level 18. HP: 121/143 MP: 15/34
 43824 | Spider:4 | Reached skill level 15 in Ranged Weapons
 44925 | Spider:4 | Identified the -1 pair of gloves of Ennui {rF++}
 44928 | Spider:4 | Got a gossamer rune of Zot
 45336 | Swamp:4  | Entered Level 4 of the Swamp
 45570 | Swamp:4  | Noticed a tentacled monstrosity
 45631 | Swamp:3  | Killed a tentacled monstrosity
 46722 | Swamp:4  | Noticed a tentacled monstrosity
 46734 | Swamp:4  | Killed a tentacled monstrosity
 47080 | Swamp:4  | Identified the +4 falchion of the Equinox {flame, rN+ SInv}
 47395 | Swamp:4  | Got a decaying rune of Zot
 47516 | Swamp:3  | Reached skill level 18 in Polearms
 47667 | Vaults:1 | Entered Level 1 of the Vaults
 47702 | Vaults:1 | Reached XP level 19. HP: 134/151 MP: 8/36
 48068 | Vaults:1 | Found Pifui's Book Shoppe.
 48471 | Abyss:2  | Cast into level 2 of the Abyss (a wizard)
 48625 | Abyss:3  | HP: 2/152 [mangrove collision (14)]
 48716 | Vaults:1 | Escaped the Abyss
 48843 | Vaults:1 | Killed from afar by an ironbound frostheart

Illustrated notes

Levels and vault maps discovered:
D:1:      minmay_arrival_stair_chambers, layout_basic, serial_shops,
          nicolae_shop_trees, nicolae_shop_behind_doors, minmay_crystal_water,
          serial_park_tiny_pond
D:2:      layout_rooms
D:3:      layout_rooms, nicolae_ecumenical_snake_handling,
          guppyfry_early_orc_mine, uniq_natasha
D:4:      layout_rooms, nicolae_qazlal_general_emergency, minmay_misc_feat_rows,
          cheibrodos_gnoll_hut
D:5:      layout_loops_ring, temple_fountains, grunt_decor_arrowhead
D:6:      layout_basic, lemuel_coloured_pillars_altar,
          nicolae_ru_great_annihilating_truth, portal_sewer_entry_f,
          roderic_batcave, chequers_jeans, minmay_microvault
D:7:      layout_rooms, mainiacjoe_overflow_brackets, zin_treasury,
          gammafunk_ghost_wrathful_warriors, lightli_minifort,
          uniq_prince_ribbit1
D:8:      minmay_recursive_quarters, layout_loops_ring,
          amcnicky_altar_lugonu_corruption, uniq_erica, uniq_gastronok
D:9:      layout_irregular_city
D:10:     layout_roguey, due_lair_maze_entry_diamond, uniq_psyche
D:11:     layout_basic, grunt_decor_one_mirror, grunt_potential, uniq_fannar
D:12:     layout_irregular_city, zombieorc1_lemuel, fungi_pond_lemuel
D:13:     layout_basic, hangedman_vaults_entry_quadrant_bands,
          ebering_ghost_funeral_grove, hangedman_decor_diamond_cutter,
          nemelex_diamond_rough_becter, uniq_nessos
D:14:     layout_irregular_city, kennysheep_nondescript, uniq_kirke
D:15:     hangedman_depths_entry_try_elsewhere_first, layout_long_grid,
          okawaru_metal_pillars_1_2, grunt_ministairs_5, sword_in_stone
Temple:   nicolae_temple_bog_church
Lair:1:   layout_long_grid, minivault_25, cheibrodos_lair_lostbears
Lair:2:   layout_regular_city, nicolae_swamp_entry_splash_gauntlet,
          nicolae_spider_entry_orb_guardian, beast_lair_carwin_1
Lair:3:   layout_cave_pods, uniq_sonja
Lair:4:   layout_roguey, minmay_slime_entry_pillars, gauntlet_entry_generic,
          chequers_serial_rivers_micro_e, minmay_shattered_shrine
Lair:5:   hangedman_lair_tendril_chambers, layout_cave_pods,
          guppyfry_lair_end_dragon, basic_altar, hellmonk_guarded_unrand_vines
Swamp:1:  gammafunk_worm_tunnel, layout_basic_swamp, serial_swamp_ruin,
          evilmike_swamp_ruin_house_3, evilmike_swamp_ruin_rubble_2,
          swamp_pool4, infiniplex_staircase_pool
Swamp:2:  layout_basic_swamp, evilmike_swamp_ruin_rubble_1, swamp_pool4,
          nicolae_swamp_feature_on_the_river_bank, infiniplex_staircase_pool_2,
          uniq_jorgrun
Swamp:3:  layout_basic_swamp, hangedman_swamp_ruin_wall, swamp_pool4
Swamp:4:  swamp_vile, layout_basic_swamp, swamp_pool1, nicolae_swamp_drake_lake
Spider:1: layout_chambers
Spider:2: layout_cave_pods, spiders_nest_spider_trap
Spider:3: layout_spider_delve, hellmonk_narrow_tunnel
Spider:4: grunt_spider_rune_island, gammafunk_ghost_grave
Orc:1:    layout_caves, basic_altar, serial_shops,
          nicolae_shop_bloodbath_and_beyond
Orc:2:    st_orc_elflike, layout_diamond_mine, enter_volcano_2, uniq_snorg
Vaults:1: ontoclasm_vaults_ring_square, vaults_room_hallway, vaults_room_boxed,
          grunt_vaults_twisty, nicolae_vaults_big_ls, nicolae_vaults_asterisk,
          nicolae_vaults_ring_of_whatevers, vaults_mumra_chevron_long,
          v_misc_23, v_misc_15, nicolae_vaults_little_squares_2,
          layout_vaults_chaotic_city, serial_shops, nicolae_shop_waterfront

Skill      XL: |  1  2  3  4  5  6  7  8  9 10 11 12 13 14 15 16 17 18 19 |
---------------+----------------------------------------------------------+-----
Invocations    | 1 2 3 4 5 6 7 8 9 10 11 12 13 14 | 14.6
Short Blades   | 1 2 3 5 6 7 8 9 10 11 12 13 | 13.4
Long Blades    | 1 2 3 5 6 7 8 9 10 11 12 13 | 13.4
Axes           | 1 2 3 5 6 7 8 9 10 11 12 13 | 13.4
Maces & Flails | 1 2 3 5 6 7 8 9 10 11 12 13 | 13.4
Polearms       | 1 2 3 4 6 8 9 11 12 13 14 15 17 18 | 18.3
Staves         | 1 2 3 5 6 7 8 9 10 11 12 13 | 13.4
Throwing       | 1 2 3 5 6 7 8 9 10 11 12 13 | 13.4
Armour         | 1 2 3 5 6 7 8 9 10 11 12 13 | 13.4
Shields        | 1 2 3 5 6 7 8 9 10 11 12 13 | 13.4
Unarmed Combat | 1 2 3 5 6 7 8 9 10 11 12 13 | 13.4
Spellcasting   | 1 2 3 5 6 7 8 9 10 11 12 13 | 13.4
Evocations     | 1 2 3 5 6 7 8 9 10 11 12 13 | 13.4
Conjurations   | 1 2 3 4 5 6 7 8 9 10 11 | 11.4
Hexes          | 1 2 3 4 5 6 7 8 9 10 11 | 11.4
Summonings     | 1 2 3 4 5 6 7 8 9 10 11 | 11.4
Necromancy     | 1 2 3 4 5 6 7 8 9 10 11 | 11.4
Translocations | 1 2 3 4 5 6 7 8 9 10 11 | 11.4
Transmutations | 1 2 3 4 5 6 7 8 9 10 11 | 11.4
Fire Magic     | 1 2 3 4 5 6 7 8 9 10 11 | 11.4
Ice Magic      | 1 2 3 4 5 6 7 8 9 10 11 | 11.4
Air Magic      | 1 2 3 4 5 6 7 8 9 10 11 | 11.4
Earth Magic    | 1 2 3 4 5 6 7 8 9 10 11 | 11.4
Poison Magic   | 1 2 3 4 5 6 7 8 9 10 11 | 11.4
Stealth        | 3 4 5 6 7 8 9 10 11 12 13 | 13.6
Fighting       | 5 6 7 8 9 10 11 12 13 14 | 14.1
Dodging        | 5 6 7 8 9 10 11 12 13 14 | 14.1
Ranged Weapons | 9 10 11 12 13 14 15 | 15.6

Action                   |  1- 3 |  4- 6 |  7- 9 | 10-12 | 13-15 | 16-18 | 19-21 || total
-------------------------+-------+-------+-------+-------+-------+-------+-------++-------
Melee: Unarmed           |       |    13 |     6 |     2 |       |       |       ||    21
       Dagger            |       |     9 |   350 |   324 |    64 |       |       ||   747
       Bite              |       |       |    47 |    50 |    14 |     1 |       ||   112
       Punch             |       |       |    16 |    16 |     8 |     2 |       ||    42
       Trident           |       |       |       |       |       |    14 |       ||    14
 Fire: Shortbow          |   119 |   137 |    84 |   219 |   890 |       |       ||  1449
       Longbow           |       |       |       |       |    72 |   264 |       ||   336
       Arbalest          |       |       |       |       |       |   565 |    90 ||   655
Throw: Dart              |       |       |       |     4 |       |       |       ||     4
 Cast: Summon Lightning  |       |       |       |    37 |   145 |   136 |     8 ||   326
       Olgreb's Toxic Ra |       |       |       |     8 |    14 |     2 |     3 ||    27
       Borgnjor's Vile C |       |       |       |       |   143 |   209 |    16 ||   368
       Dispel Undead     |       |       |       |       |     5 |     8 |       ||    13
       Death Channel     |       |       |       |       |       |     4 |     2 ||     6
Evoke: Wand              |       |       |     6 |    21 |    20 |    17 |       ||    64
       Box of beasts     |       |       |       |       |     4 |     3 |     1 ||     8
  Use: Potion            |       |     2 |     1 |     1 |     7 |     4 |     3 ||    18
       Scroll            |       |       |     3 |    12 |    12 |     7 |     3 ||    37
 Stab: Sleeping          |       |       |     4 |    10 |       |       |       ||    14
       Paralysed         |       |       |     1 |       |     1 |       |       ||     2
       Distracted        |       |       |       |     5 |     3 |       |       ||     8
Armor: Leather armour    |    13 |     4 |       |       |       |       |       ||    17
       Scale mail        |       |    19 |   144 |    27 |       |       |       ||   190
       Robe              |       |       |       |    42 |    69 |    56 |       ||   167
       Fire dragon scale |       |       |       |       |       |    92 |    21 ||   113
Dodge: Dodged            |    22 |    61 |   193 |   253 |   311 |   515 |    53 ||  1408
Block: Other             |       |       |       |       |       |    88 |    14 ||   102
       Reflection        |       |       |       |       |       |       |     6 ||     6

Table legend: (Time is in decaauts)
 A = Elapsed time spent in this place.
 B = Non-inter-level travel time spent in this place.
 C = Inter-level travel time spent in this place.
 D = Time resting spent in this place.
 E = Time spent auto-exploring this place.
 F = Levels seen in this place.
 G = Mean time per level.
                   A        B        C        D        E       F      G
               +--------+--------+--------+--------+--------+-----+--------+
         Total |  49116 |  46010 |   3106 |   9247 |  29734 |  35 | 1403.3 |
       Dungeon |  19179 |  18142 |   1037 |   2891 |  12548 |  15 | 1278.6 |
        Temple |    202 |    180 |     22 |      0 |    163 |   1 |  202.0 |
          Lair |  10430 |   9555 |    875 |   2750 |   5517 |   5 | 2086.0 |
         Swamp |   6301 |   5752 |    549 |   1325 |   3553 |   4 | 1575.2 |
   Spider Nest |   8629 |   8299 |    330 |   1836 |   5233 |   4 | 2157.2 |
  Orcish Mines |   2681 |   2439 |    242 |    215 |   1781 |   2 | 1340.5 |
        Vaults |    949 |    901 |     48 |    210 |    532 |   1 |  949.0 |
         Abyss |    260 |    260 |      0 |     18 |     82 |   2 |  130.0 |
         Sewer |    482 |    482 |      0 |      0 |    324 |   1 |  482.0 |
               +--------+--------+--------+--------+--------+-----+--------+

Top non-repeatable levels by time:
  Lair:5: 3386 daAuts
Spider:4: 2790 daAuts
  Lair:3: 2224 daAuts
  Lair:4: 2140 daAuts
    D:13: 2029 daAuts
Spider:2: 2007 daAuts
Spider:3: 1961 daAuts
Spider:1: 1869 daAuts
     D:6: 1767 daAuts
    D:12: 1749 daAuts
 Swamp:3: 1744 daAuts
 Swamp:1: 1734 daAuts
    D:10: 1663 daAuts
   Orc:2: 1580 daAuts
     D:3: 1524 daAuts
